 Dungeon Crawl Stone Soup version 0.26.1-11-gd32895ea62 (webtiles) character file.

Game seed: 5340301311372737491

608642 promet the Slayer (level 27, -23/202 (206) HPs)
             Began as a Hill Orc Fighter on July 5, 2021.
             Was the Champion of Ru.
             Killed from afar by an orb of fire (27 damage)
             ... with a bolt of fire
             ... on level 5 of the Realm of Zot on July 10, 2021.
             The game lasted 18:25:44 (120630 turns).

promet the Slayer (Hill Orc Fighter)              Turns: 120630, Time: 18:25:44

HP:   -23/202 (206) AC: 38    Str: 17    XL:     27
MP:   14/18         EV:  7    Int:  6    God:    Ru [******]
Gold: 3795          SH: 23    Dex: 17    Spells: 24/26 levels left

rFire    + + .     SeeInvis .   q - +7 demon blade (freeze)
rCold    . . .     Faith    .   J - +3 kite shield {AC+3}
rNeg     . . .     Spirit   .   D - +10 plate armour {ponderous}
rPois    .         Reflect  +   y - +2 helmet
rElec    +         Harm     .   u - +2 cloak
rCorr    .         Rampage  .   (no gloves)
Will     +++..     Rnd*Rage +   i - +2 pair of boots
Stlth    ..........             d - amulet "Wytedug" {Reflect rElec Will+ Str-2 SH+5}
HPRegen  0.43/turn              F - ring of fire
MPRegen  0.16/turn              j - ring of protection from cold

@: exhausted, slowed, studying Crossbows, lightly drained, very slow
A: camouflage 1, berserk 1, clumsy 1, deformed body, dopey 1, fire resistance 1,
frail 2, low mp 2, shaggy fur 1, weak 2, no stealth, inability to use devices,
hated by all, inability to train dodging, unskilled 1
}: 3/15 runes: barnacled, silver, gossamer
a: Renounce Religion, Draw Out Power, Power Leap, Apocalypse


You were on level 5 of the Realm of Zot.
You worshipped Ru.
Ru was exalted by your worship.
You visited 8 branches of the dungeon, and saw 46 of its levels.

You collected 5820 gold pieces.
You spent 2025 gold pieces at shops.

Inventory:

Hand Weapons
 a - the +7 spear of Qazlal {vorpal, Int+4}
   (You found it on level 8 of the Dungeon)

   It inflicts extra damage upon your enemies.
   It affects your intelligence (+4).
 b - a +5 hand crossbow of freezing
 f - the +8 flail of Fate {flame, rF+ Str+4 Int-2}
   (You found it on level 4 of the Shoals)

   It has been specially enchanted to burn those struck by it, causing extra
   injury to most foes and up to half again as much damage against particularly
   susceptible opponents.
   It affects your strength (+4).
   It affects your intelligence (-2).
   It protects you from fire.
 g - a +4 demon whip of electrocution
 h - the +6 arbalest of Wuskil {penet, rPois Int+3}
   (You found it on level 2 of the Vaults)

   Ammo fired by it passes through the targets it hits, potentially hitting all
   targets in its path until it reaches maximum range.
   It affects your intelligence (+3).
   It protects you from poison.
 l - a +3 broad axe of draining
 m - the +3 hand axe of Poavegg {holy, Str+4 Int+4}
   (You took it off an ogre mage on level 5 of the Vaults)

   It has been blessed by the Shining One to cause great damage to the undead
   and demons.
   It affects your strength (+4).
   It affects your intelligence (+4).
 q - a +7 demon blade of freezing (weapon)
 A - the +8 morningstar of the Endless Expanse {pain, rElec rPois Str+5 Dex-2}
   (You found it on level 4 of the Shoals)

   In the hands of one skilled in necromantic magic, it inflicts extra damage on
   living creatures.
   It affects your strength (+5).
   It affects your dexterity (-2).
   It insulates you from electricity.
   It protects you from poison.
 L - the +6 triple crossbow of Arriy {venom, SInv}
   (You found it on level 2 of the Vaults)

   It poisons the ammo it fires.
   It lets you see invisible.
 Q - the +6 battleaxe of Huniruus {protect, rElec}
   (You bought it in a shop on level 8 of the Dungeon)

   It grants its wielder temporary protection when it strikes (+7 to AC).
   It insulates you from electricity.
 S - the +3 falchion of Yredelemnul's Scorn {freeze, Will+ SInv Stlth+}
   (You found it on level 3 of the Vaults)

   It has been specially enchanted to freeze those struck by it, causing extra
   injury to most foes and up to half again as much damage against particularly
   susceptible opponents.
   It can also slow down cold-blooded creatures.
   It affects your willpower, your defense against some magical effects.
   It lets you see invisible.
   It makes you more stealthy.
 V - a +12 vorpal club
 W - a +4 dire flail of pain
 Y - a +3 great sword of flaming
Missiles
 e - 197 poisoned darts
 n - 3 silver boomerangs
 o - 1834 bolts
 p - 55 boomerangs
 H - 9 atropa-tipped darts (quivered)
Armour
 c - +0 fire dragon scales
 i - a +2 pair of boots (worn)
 t - a +0 kite shield of reflection
 u - a +2 cloak (worn)
 w - a +2 pair of gloves
 y - a +2 helmet (worn)
 D - a +10 plate armour of ponderousness (worn)
 J - a +3 kite shield of protection (worn)
 R - a +2 tower shield
Jewellery
 d - the amulet "Wytedug" (around neck) {Reflect rElec Will+ Str-2 SH+5}
   (You acquired it on level 4 of the Shoals)

   [amulet of reflection]

   It shields you and reflects attacks.
   It affects your strength (-2).
   It insulates you from electricity.
   It affects your willpower, your defense against some magical effects.
   It affects your SH (+5).
 j - a ring of protection from cold (right hand)
 k - a +4 ring of protection
 s - a +6 ring of strength
 E - a +4 ring of slaying
 F - a ring of fire (left hand)
 G - an uncursed ring of see invisible
 K - the ring of Hospitality {+Inv Dex+4 Stlth-}
   (You found it on level 4 of the Spider Nest)

   [ring of attention]

   It affects your dexterity (+4).
   It lets you turn invisible.
   It makes you less stealthy.
 M - an uncursed amulet of guardian spirit
 U - an uncursed amulet of the acrobat {unknown}
 X - the ring "Duog" {Will+ EV+4}
   (You bought it in a shop on level 2 of the Orcish Mines)

   [ring of evasion]

   It affects your evasion (+4).
   It affects your willpower, your defense against some magical effects.
Scrolls
 r - 14 scrolls of teleportation
 v - 5 scrolls of magic mapping
 z - 4 scrolls of fear
 B - a scroll of blinking
 N - 2 scrolls of fog
 O - 6 scrolls of remove curse
Potions
 C - 3 potions of curing
 I - 6 potions of flight
 P - a potion of heal wounds
Books
 T - a manual of Crossbows


   Skills:
 + Level 23.2 Fighting
 + Level 1.8(10.5) Short Blades
 + Level 16.6(16.7) Long Blades
 + Level 20.3(22.3) Axes
 + Level 11.4(15.7) Maces & Flails
 + Level 10.6(15.2) Polearms
 + Level 2.3(10.2) Slings
 * Level 13.8 Crossbows
 + Level 14.9(15.0) Throwing
 + Level 17.6 Armour
 + Level 18.5 Shields
 + Level 0.1 Spellcasting


You had 24 spell levels left.
You knew the following spells:

 Your Spells              Type           Power        Failure   Level
a - Magic Dart            Conj           0%           99%         1
b - Pain                  Necr           0%           99%         1

Your spell library contained the following spells:

 Spells                   Type           Power        Failure   Level
 Apportation              Tloc           0%           99%         1
 Foxfire                  Conj/Fire      0%           99%         1
 Sandblast                Erth           0%           99%         1
 Blink                    Tloc           N/A          100%        2
 Passwall                 Tmut/Erth      0%           100%        2
 Slow                     Hex            0%           100%        2
 Sublimation of Blood     Necr           0%           100%        2
 Conjure Flame            Conj/Fire      0%           100%        3
 Frozen Ramparts          Ice            0%           100%        3
 Gell's Gravitas          Tloc           0%           100%        3
 Ignite Poison            Fire/Tmut/Pois 0%           100%        3
 Inner Flame              Hex/Fire       0%           100%        3
 Lesser Beckoning         Tloc           0%           100%        3
 Mephitic Cloud           Conj/Pois/Air  0%           100%        3
 Portal Projectile        Hex/Tloc       0%           100%        3
 Stone Arrow              Conj/Erth      0%           100%        3
 Teleport Other           Tloc           0%           100%        3
 Vampiric Draining        Necr           0%           100%        3
 Ice Form                 Ice/Tmut       0%           100%        4
 Leda's Liquefaction      Hex/Erth       0%           100%        4
 Passage of Golubria      Tloc           N/A          100%        4
 Petrify                  Tmut/Erth      0%           100%        4
 Sticky Flame             Conj/Fire      0%           100%        4
 Agony                    Necr           0%           100%        5
 Alistair's Intoxication  Tmut/Pois      0%           100%        5
 Bolt of Magma            Conj/Fire/Erth 0%           100%        5
 Fireball                 Conj/Fire      0%           100%        5
 Irradiate                Conj/Tmut      0%           100%        5
 Lee's Rapid Deconstruct  Erth           0%           100%        5
 Metabolic Englaciation   Hex/Ice        0%           100%        5
 Dispersal                Tloc           0%           100%        6
 Eringya's Noxious Bog    Tmut/Pois      0%           100%        6
 Freezing Cloud           Conj/Ice/Air   0%           100%        6
 Hydra Form               Tmut           0%           100%        6
 Invisibility             Hex            0%           100%        6
 Ozocubu's Refrigeration  Ice            0%           100%        6
 Statue Form              Tmut/Erth      0%           100%        6
 Dragon Form              Tmut           0%           100%        7
 Disjunction              Tloc           0%           100%        8
 Animate Skeleton         Necr           Unusable     N/A         1
 Call Imp                 Summ           Unusable     N/A         2
 Tukima's Dance           Hex            Unusable     N/A         3
 Animate Dead             Necr           Unusable     N/A         4
 Simulacrum               Ice/Necr       Unusable     N/A         6

Dungeon Overview and Level Annotations

Branches:
Dungeon (15/15)            Temple (0/1) D:5            Lair (6/6) D:8
 Shoals (4/4) Lair:3       Spider (4/4) Lair:2        Slime (0/5) Lair:6
    Orc (2/2) D:11            Elf (0/3) Orc:2        Vaults (5/5) D:13
  Crypt (0/3) Vaults:2     Depths (5/5) D:15            Zot (5/5) Depths:5

Altars:
Kikubaaqudgha
Okawaru
Ru
Uskayaw
Vehumet
Xom

Shops:
D:4 :   D:8 (   D:9 }   D:13 *   Orc:2 =*[}   Vaults:1 *   Vaults:3 *}
Vaults:4 ?   Vaults:5 (   Depths:1 =   Depths:3 =[?*   Depths:4 !

Portals:
Hell: Depths:1 Depths:2 Depths:3 Depths:4 Depths:5
Abyss: Depths:3 Depths:4 Depths:5
Pandemonium: Depths:3
Ziggurat: Depths:2

Annotations:
D:12 1 transporter
Spider:1 Roxanne
Vaults:2 foobar1000's ghost, veteran SpHu
Depths:1 2 transporters, bigdumb's ghost, journeyman DgGl
Depths:2 1 runed translucent door, Rogirigh's ghost, journeyman MiBe
Zot:1 1 transporter
Zot:3 3 runed translucent doors, Cyqimiab's ghost, legendary MfGl


Innate Abilities, Weirdness & Mutations

You cannot be stealthy.
You cannot study or use magical devices.
You are hated by all.
You cannot train Dodging skill.
You are somewhat unskilled. (-1 Apt)
Your skin changes colour to match your surroundings (Stealth+).
You tend to lose your temper in combat.
You are clumsy. (Dex -2)
Armour fits poorly on your strangely shaped body.
You are dopey. (Int -2)
Your flesh is heat resistant. (rF+)
You are very frail. (-20% HP)
Your magical capacity is very low. (-20% MP)
You are covered in fur. (AC +1)
You are very weak. (Str -4)


Message History

There is an open door here.
The orb of fire glows red.
The bolt of fire hits you! You resist.
* * * LOW HITPOINT WARNING * * *
The purple draconian scorcher begins to cast a spell, but is stunned by your conviction!
The electric golem hurls lightning at you.
The bolt of lightning hits you! You resist.
* * * LOW HITPOINT WARNING * * *
The orb of fire begins to attack, but is stunned by your conviction!
You redirect the electric golem's attack!
The electric golem blinks!
The curse toe calls on the powers of darkness!
The purple draconian scorcher convulses!
The black draconian scorcher convulses!
Your body is wracked with pain!
* * * LOW HITPOINT WARNING * * *
The purple draconian scorcher gestures at you while chanting.
The bolt of magma misses you.
The orb of fire glows bright magenta.
The bolt of fire hits you!! You resist.
You die...

*+++p''+++'.# #.#
*++y*z?.++'.# #D#
*++'DD..'''.# ##D####
*++'.)=.'+'.###.q...#
*+++.)8,+'z....q....#
*+++++++++'####'##'###########
*+++++'+++'.....#........#⌠...
*+++++''''§..*⌠.#........#....
******###....@..#.....)..#....
#......8#....[..)'....
#.......'........#....
**##############▓▓▓▓####
**,,,,^.........## #...
**,,,,,,..........## ##..
**,,,,,,,...........## #..
*,,,^,^,,...........!# ##.
*,,,,,,,.........^...# #.


You could see an orb of fire, an electric golem, 2 golden dragons, a curse toe
and 2 draconians.

Vanquished Creatures
  2 orbs of fire (Zot:5)
  3 ancient liches (Zot:5)
  Sojobo (Vaults:2)
  Bai Suzhen (Shoals:3)
  Xtahua (Vaults:2)
  4 Killer Klowns
  2 caustic shrikes
  9 golden dragons
  Nikola (Shoals:3)
  2 bone dragons (Depths:5)
  21 tentacled monstrosities
  Jorgrun (D:15)
  12 Orb Guardians (Zot:5)
  3 electric golems
  7 titans
  3 liches
  7 death cobs
  7 quicksilver dragons
  Polyphemus (Shoals:3)
  7 sphinxes
  A shadow dragon (shapeshifter) (Vaults:1)
  13 storm dragons
  4 draconian monks (Zot:4)
  10 shadow dragons
  Donald (Shoals:4)
  8 tengu reavers
  9 draconian scorchers
  An azure jelly (shapeshifter) (Vaults:4)
  12 fire giants
  A deep elf sorcerer (Vaults:4)
  An orc warlord (Orc:2)
  7 ghost moths
  18 vault wardens
  4 draconian knights
  12 frost giants
  7 draconian stormcallers
  3 emperor scorpions
  2 deep elf elementalists (Vaults:5)
  17 very ugly things
  3 draconian shifters
  8 draconian annihilators
  10 ironheart preservers
  2 war gargoyles (Vaults:5)
  A ghoul (Vaults:4)
  22 stone giants
  2 spriggan defenders
  5 entropy weavers
  13 green draconians
  A vampire knight (Vaults:2)
  2 deep elf demonologists (Vaults:5)
  A dire elephant (D:15)
  7 black draconians
  13 white draconians
  10 purple draconians
  13 yellow draconians
  Azrael (D:13)
  8 red draconians
  11 ettins
  18 spark wasps
  Snorg (D:10)
  3 merfolk javelineers
  A green death (Depths:3)
  3 jiangshi (Depths:2)
  8 merfolk impalers
  2 deep elf high priests
  16 fire dragons
  A deep elf death mage (Vaults:5)
  35 vault guards
  14 yaktaur captains
  7 great orbs of eyes
  20 ogre magi
  5 rakshasas
  A hell beast (Depths:2)
  6 hydras
  14 ice dragons
  9 boulder beetles
  2 catoblepae
  3 merfolk aquamancers
  3 spriggan air magi
  3 death knights (Vaults:4)
  2 alligator snapping turtles (Shoals:4)
  A satyr (shapeshifter) (Vaults:4)
  3 merfolk avatars
  14 deep troll shamans
  13 centaur warriors
  A death yak (shapeshifter) (Vaults:5)
  2 dancing weapons (Vaults:5)
  67 two-headed ogres
  11 tengu warriors
  10 death yaks
  11 deep troll earth magi
  A vampire mage (Depths:2)
  An orc high priest (Orc:2)
  7 spriggan berserkers
  Nergalle (D:10)
  5 hell knights (Depths:4)
  Urug (Lair:5)
  4 deep elf knights
  2 fire crabs (shapeshifter) (Vaults:5)
  8 iron trolls
  2 salamander mystics (Depths:5)
  17 skeletal warriors
  2 shadow wraiths (Vaults:3)
  A sea snake (shapeshifter) (Vaults:3)
  An unseen horror (shapeshifter) (Depths:1)
  9 sea snakes
  A storm dragon skeleton (Vaults:4)
  36 deep trolls
  A deep troll (shapeshifter) (Vaults:4)
  5 wizards
  4 flayed ghosts
  An unseen horror (D:10)
  5 glowing orange brains
  16 ironbrand convokers
  4 deep elf archers
  3 harpies (shapeshifter)
  4 necromancers
  22 orb spiders
  15 deep elf magi
  A phantasmal warrior (Vaults:4)
  Pikel (D:7)
  10 salamanders
  15 orc knights
  42 harpies
  3 orc sorcerers
  20 moths of wrath
  A salamander (shapeshifter) (D:15)
  41 ugly things
  A mana viper (shapeshifter) (Depths:1)
  An oklob plant (Lair:6)
  A moth of wrath (shapeshifter) (Depths:3)
  34 wolf spiders
  6 cyclopes
  4 fauns
  6 manticores
  5 elephants (Lair:6)
  5 black mambas
  7 merfolk sirens
  Joseph (D:7)
  5 centaur zombies
  5 torpor snails
  An ice statue (D:14)
  A frost giant skeleton (Vaults:4)
  2 rust devils
  A water nymph (shapeshifter) (Depths:1)
  An eye of devastation (shapeshifter) (D:13)
  16 vault sentinels
  10 water nymphs
  8 cane toads
  An orange demon (Depths:3)
  6 komodo dragons
  3 rime drakes
  63 yaktaurs
  6 freezing wraiths (Vaults:4)
  A yaktaur (shapeshifter) (Vaults:3)
  11 demonic crawlers
  2 red devils (Depths:3)
  A redback zombie (D:15)
  31 jumping spiders
  6 meliai
  6 polar bears
  3 tengu conjurers
  8 trolls
  31 merfolk
  15 hornets
  A tyrant leech (shapeshifter) (Depths:5)
  A wind drake (Shoals:1)
  A merfolk (shapeshifter) (Depths:4)
  A meliai (shapeshifter) (Depths:4)
  A queen bee (Spider:3)
  Grinder (D:6)
  A raiju (shapeshifter) (Vaults:1)
  2 wind drakes (shapeshifter)
  16 blink frogs
  A tengu simulacrum (Vaults:4)
  18 slime creatures
  4 dream sheep
  A blink frog (shapeshifter) (D:14)
  7 snapping turtles
  A fire giant simulacrum (Depths:2)
  2 tarantellas (shapeshifter) (Depths:5)
  A wyvern (shapeshifter) (Vaults:1)
  97 redbacks
  14 spriggans
  3 centaur simulacra
  2 shadows
  7 wraiths
  5 vampires
  A spriggan (shapeshifter) (Vaults:1)
  2 wyverns
  69 yaks
  28 tarantellas
  Eustachio (D:6)
  3 fire elementals
  18 water elementals
  16 humans (D:13)
  A fire bat (shapeshifter) (Depths:3)
  3 fire bats (Depths:5)
  2 basilisks
  A yaktaur simulacrum (Vaults:4)
  11 wargs
  Menkaure (D:6)
  12 vampire mosquitoes
  An acid dragon (D:14)
  A soldier ant (D:14)
  10 water moccasins
  A floating eye (Depths:2)
  A floating eye (shapeshifter) (Vaults:2)
  2 hell hounds
  6 ice beasts
  3 hornet zombies
  48 orc warriors
  A sky beast (D:15)
  9 boggarts
  An eye of draining (D:14)
  3 black bears
  2 phantoms
  55 ogres
  27 centaurs
  47 wolves
  2 big kobolds
  Blork the orc (D:4)
  12 bullfrogs
  A wyvern zombie (D:12)
  4 scorpions
  8 wights
  11 killer bees (Spider:3)
  4 electric eels
  12 howler monkeys
  A human simulacrum (Vaults:4)
  22 orc priests
  11 hounds
  2 jellies
  2 gnoll shamans
  22 orc wizards
  A bullfrog skeleton (D:9)
  4 centaur skeletons
  A water moccasin simulacrum (D:10)
  Crazy Yiuf (D:6)
  Ijyb (D:4)
  Natasha (twice) (D:4)
  Terence (D:2)
  4 iguanas
  13 worker ants
  6 hell rats (Lair:6)
  A killer bee zombie (D:10)
  A bullfrog simulacrum (D:10)
  A hound zombie (D:6)
  A hound skeleton (D:5)
  A worker ant zombie (D:5)
  A howler monkey zombie (D:8)
  15 adders
  13 gnolls
  A howler monkey skeleton (D:9)
  A shadow imp (D:6)
  3 white imps
  A worker ant simulacrum (D:10)
  2 ufetubi
  4 oozes
  An adder skeleton (D:7)
  An adder zombie (D:7)
  2 worms
  3 dart slugs
  5 leopard geckos
  126 orcs
  7 giant cockroaches
  11 goblins
  6 hobgoblins
  13 jackals
  5 quokkas
  5 ball pythons
  6 bats
  5 frilled lizards
  14 kobolds
  A quokka zombie (D:6)
  9 rats
2287 creatures vanquished.

Vanquished Creatures (others)
  An ancient lich (Zot:5)
  A Killer Klown (Zot:5)
  A quicksilver dragon (Zot:2)
  A death cob (Zot:5)
  A shadow dragon (Depths:4)
  A ghost moth (Zot:1)
  An emperor scorpion (Spider:4)
  3 draconian knights
  A very ugly thing (Vaults:5)
  An ironheart preserver (Vaults:4)
  2 white draconians (Zot:4)
  An ettin (Depths:5)
  A yaktaur captain (Vaults:2)
  A merfolk impaler (Shoals:3)
  A hydra (Lair:6)
  A death yak (Lair:6)
  A merfolk aquamancer (Shoals:2)
  A centaur warrior (Depths:4)
  A deep troll shaman (Depths:3)
  4 two-headed ogres
  A spriggan berserker (Depths:4)
  An unseen horror (D:9)
  An orc knight (Vaults:5)
  An orb spider (Spider:4)
  A wolf spider (Spider:2)
  2 ugly things
  6 harpies
  An orc sorcerer (Orc:1)
  A manticore (Shoals:2)
  2 moths of wrath
  2 cyclopes
  A black mamba (shapeshifter) (Vaults:5)
  A black mamba (Lair:6)
  2 yaktaurs
  2 demonic crawlers (Spider:1)
  3 jumping spiders
  2 hornets
  A snapping turtle (Shoals:1)
  A blink frog (Lair:4)
  2 water elementals
  A yak (D:10)
  4 redbacks
  4 tarantellas
  An orc warrior (Vaults:4)
  2 ogres
  A wolf (D:10)
  2 wyvern zombies
  A bullfrog (Lair:1)
  2 orc wizards
  A howler monkey skeleton (D:10)
  A shadow imp (D:10)
  2 orcs
  53 fungi
  187 plants
322 creatures vanquished.

Grand Total: 2609 creatures vanquished

Notes
Turn   | Place    | Note
-------+----------+-------------------------------------------
     0 | D:1      | promet the Hill Orc Fighter began the quest for the Orb.
     0 | D:1      | Reached XP level 1. HP: 19/19 MP: 1/1
   306 | D:1      | Reached skill level 4 in Fighting
   306 | D:1      | Reached XP level 2. HP: 27/27 MP: 2/2
   462 | D:1      | Reached XP level 3. HP: 34/34 MP: 3/3
   606 | D:1      | Found a sacrificial altar of Ru.
   612 | D:1      | Became a worshipper of Ru the Awakened
  1411 | D:2      | Found an iron altar of Okawaru.
  1425 | D:2      | Reached XP level 4. HP: 41/41 MP: 4/4
  1828 | D:2      | Found a shimmering altar of Xom.
  2308 | D:2      | Noticed Terence
  2323 | D:2      | Killed Terence
  2324 | D:2      | Reached skill level 5 in Fighting
  2324 | D:2      | Reached XP level 5. HP: 48/48 MP: 5/5
  3320 | D:3      | Reached XP level 6. HP: 50/56 MP: 6/6
  3756 | D:3      | Reached skill level 1 in Dodging
  3962 | D:4      | Noticed Blork the orc
  3969 | D:4      | Killed Blork the orc
  4100 | D:4      | Noticed Ijyb
  4114 | D:4      | Killed Ijyb
  4123 | D:4      | Reached skill level 5 in Armour
  4284 | D:4      | Noticed Natasha
  4289 | D:4      | Killed Natasha
  4290 | D:4      | Reached skill level 5 in Axes
  4290 | D:4      | Reached XP level 7. HP: 60/61 MP: 7/7
  4337 | D:4      | Found Gyomnuri's Book Shoppe.
  4913 | D:4      | Noticed Natasha
  4920 | D:4      | Killed Natasha
  5098 | D:5      | Entered Level 5 of the Dungeon
  5294 | D:5      | Found a staircase to the Ecumenical Temple.
  5314 | D:5      | Reached skill level 1 in Slings
  5314 | D:5      | Reached skill level 5 in Shields
  5511 | D:5      | Reached skill level 6 in Fighting
  5511 | D:5      | Reached skill level 1 in Throwing
  5730 | D:5      | Found a sacrificial altar of Ru.
  5769 | D:5      | Reached XP level 8. HP: 59/70 MP: 8/8
  6460 | D:6      | Noticed Menkaure
  6468 | D:6      | Killed Menkaure
  6767 | D:6      | Found a runed translucent door.
  6768 | D:6      | Noticed Crazy Yiuf
  6776 | D:6      | Killed Crazy Yiuf
  6970 | D:6      | HP: 3/71 [orc warrior/+0 glaive (11)]
  7825 | D:6      | Reached skill level 7 in Fighting
  7987 | D:6      | Gained mutation: You cannot study or use magical devices.
                  | [Ru sacrifice]
  7987 | D:6      | Reached * piety under Ru
  7987 | D:6      | Reached ** piety under Ru
  8114 | D:6      | Paralysed by a centaur for 5 turns
  8406 | D:6      | Noticed Grinder
  8428 | D:6      | Killed Grinder
  8429 | D:6      | Reached skill level 1 in Stealth
  8429 | D:6      | Reached XP level 9. HP: 43/79 MP: 9/9
  8889 | D:6      | Noticed Eustachio
  8904 | D:6      | Killed Eustachio
  9357 | D:7      | Found a radiant altar of Vehumet.
  9362 | D:7      | Noticed Joseph
  9379 | D:7      | Killed Joseph
  9380 | D:7      | Reached skill level 8 in Fighting
  9905 | D:7      | Noticed Pikel
  9935 | D:7      | Killed Pikel
  9936 | D:7      | Reached skill level 10 in Axes
 10284 | D:8      | Got a polished spear
 10284 | D:8      | Identified the +7 spear of Qazlal {vorpal, Int+4} (You
                  | found it on level 8 of the Dungeon)
 10536 | D:8      | Reached XP level 10. HP: 90/90 MP: 10/10
 10646 | D:8      | Gained mutation: You are hated by all. [Ru sacrifice]
 10646 | D:8      | Reached *** piety under Ru
 10746 | D:8      | Found a staircase to the Lair.
 10753 | D:8      | Reached skill level 9 in Fighting
 11021 | D:8      | Reached skill level 1 in Polearms
 11093 | D:8      | Found Judoptoq's Antique Weapon Shop.
 11102 | D:8      | Bought a glowing hand crossbow for 182 gold pieces
 11713 | D:9      | Found Ysofogosh's Gadget Shoppe.
 12215 | D:9      | Reached skill level 1 in Crossbows
 12940 | D:10     | Entered Level 10 of the Dungeon
 13334 | D:9      | Reached skill level 10 in Fighting
 13413 | D:9      | Reached XP level 11. HP: 66/99 MP: 11/11
 13563 | D:9      | Reached skill level 5 in Polearms
 13620 | D:9      | Gained mutation: You cannot be stealthy. [Ru sacrifice]
 13679 | D:9      | Killed an unseen horror
 14538 | D:10     | Killed an unseen horror
 14660 | D:10     | Noticed Snorg
 14680 | D:10     | Killed Snorg
 14756 | D:10     | Noticed Nergalle
 14773 | D:10     | Killed Nergalle
 14774 | D:10     | Reached skill level 11 in Fighting
 15888 | Lair:1   | Entered Level 1 of the Lair of Beasts
 16176 | Lair:1   | Reached XP level 12. HP: 91/110 MP: 12/12
 17072 | Lair:1   | Gained mutation: You are somewhat unskilled. (-1 Apt) [Ru
                  | sacrifice]
 17072 | Lair:1   | Reduced skill Fighting to level 10
 17072 | Lair:1   | Reduced skill Axes to level 10
 17072 | Lair:1   | Reached **** piety under Ru
 17072 | Lair:1   | Reached ***** piety under Ru
 17279 | Lair:1   | Reached skill level 11 in Fighting
 17482 | Lair:2   | Learned a level 1 spell: Magic Dart
 17484 | Lair:2   | Learned a level 1 spell: Pain
 17562 | Lair:2   | Found a hole to the Spider Nest.
 18585 | Lair:3   | Noticed a five-headed hydra
 18609 | Lair:3   | Killed a five-headed hydra
 18930 | Lair:3   | Found a shimmering altar of Xom.
 19307 | Lair:3   | Found a staircase to the Shoals.
 19613 | Lair:4   | Gained mutation: You cannot train Dodging skill. [Ru
                  | sacrifice]
 19613 | Lair:4   | Reached ****** piety under Ru
 19668 | Lair:4   | Noticed a death yak
 19676 | Lair:4   | Noticed a death yak
 19706 | Lair:3   | Killed a death yak
 19826 | Lair:4   | Gained mutation: Your mind is acute. (Int +2) [potion of
                  | mutation]
 19826 | Lair:4   | Gained mutation: Your muscles are strong. (Str +2) [potion
                  | of mutation]
 19826 | Lair:4   | Lost mutation: Your mind is acute. (Int +2) [potion of
                  | mutation]
 19826 | Lair:4   | Gained mutation: You expend magic power (3 MP) to
                  | strengthen your wands. [potion of mutation]
 20120 | Lair:4   | Reached XP level 13. HP: 106/117 MP: 11/13
 20824 | Lair:4   | Reached skill level 12 in Fighting
 21002 | D:8      | Bought an ichor-stained battleaxe for 322 gold pieces
 21007 | D:8      | Identified the +6 battleaxe of Huniruus {protect, rElec}
                  | (You bought it in a shop on level 8 of the Dungeon)
 21456 | Lair:5   | Noticed Urug
 21475 | Lair:5   | Killed Urug
 22311 | Lair:6   | Entered Level 6 of the Lair of Beasts
 22723 | Lair:6   | Found a staircase to the Slime Pits.
 24209 | Lair:6   | Reached skill level 5 in Crossbows
 24588 | Lair:6   | Reached XP level 14. HP: 108/127 MP: 11/14
 24600 | Lair:6   | Reached skill level 10 in Shields
 24617 | Lair:6   | Reached skill level 13 in Fighting
 26280 | D:11     | Found a staircase to the Orcish Mines.
 26690 | D:11     | Found a hide-covered altar of Uskayaw.
 27612 | Orc:1    | Entered Level 1 of the Orcish Mines
 27832 | Orc:2    | Entered Level 2 of the Orcish Mines
 28778 | Orc:2    | Reached skill level 1 in Maces & Flails
 28969 | Orc:2    | Reached skill level 14 in Fighting
 28999 | Orc:2    | Reached XP level 15. HP: 125/138 MP: 15/15
 29458 | Orc:2    | Found a staircase to the Elven Halls.
 29763 | Orc:2    | Reached skill level 10 in Polearms
 29842 | Orc:2    | Found Xevo's Antique Armour Shop.
 29842 | Orc:2    | Found Asoq's Jewellery Emporium.
 29842 | Orc:2    | Found Jyonlik's Gadget Shoppe.
 29842 | Orc:2    | Found Fagosax's Assorted Antiques.
 30092 | Orc:2    | Bought the ring "Duog" {Will+ EV+4} for 680 gold pieces
 30338 | Orc:1    | Noticed an orc warlord
 30621 | Orc:2    | Killed an orc warlord
 31520 | D:12     | Reached skill level 1 in Short Blades
 32058 | D:12     | Found a transporter.
 32471 | D:13     | Found a gate to the Vaults.
 32473 | D:13     | Reached skill level 15 in Fighting
 32476 | D:13     | Noticed Azrael
 32804 | D:13     | Found Qiweci's Assorted Antiques.
 32867 | D:13     | Killed Azrael
 33149 | D:13     | Reached XP level 16. HP: 143/149 MP: 16/16
 33361 | D:13     | Reached skill level 10 in Armour
 33828 | D:8      | Bought a glowing demon blade for 504 gold pieces
 34835 | D:14     | Reached skill level 1 in Long Blades
 35735 | D:15     | Entered Level 15 of the Dungeon
 36415 | D:15     | Reached skill level 5 in Long Blades
 36691 | D:15     | Found a staircase to the Depths.
 37011 | D:15     | Found a shimmering altar of Xom.
 37672 | D:15     | Noticed Jorgrun
 37705 | D:15     | Killed Jorgrun
 38557 | Shoals:1 | Entered Level 1 of the Shoals
 42108 | Shoals:3 | Noticed Polyphemus
 42142 | Shoals:3 | Reached XP level 17. HP: 128/156 MP: 15/17
 42694 | Shoals:3 | Noticed Bai Suzhen
 42714 | Shoals:3 | Noticed Nikola
 42806 | Shoals:3 | Reached skill level 16 in Fighting
 43760 | Shoals:3 | Killed Polyphemus
 43938 | Shoals:3 | Killed Bai Suzhen
 43939 | Shoals:3 | Reached skill level 10 in Long Blades
 44328 | Shoals:3 | Killed Nikola
 44678 | Shoals:3 | Got a steaming rapier
 44678 | Shoals:3 | Identified the +0 rapier "Izup Meg" {speed, +Inv rC- Int+5
                  | Stlth+} (You found it on level 3 of the Shoals)
 44993 | Shoals:4 | Entered Level 4 of the Shoals
 45511 | Shoals:4 | Identified the +3 ring mail "Qidetwal" {-Cast Dex+7} (You
                  | found it on level 4 of the Shoals)
 46189 | Shoals:4 | Identified a scroll of acquirement
 46189 | Shoals:4 | Acquired the amulet "Wytedug" {Reflect rElec Will+ Str-2
                  | SH+5}
 46514 | Shoals:4 | Got a jewelled flail
 46514 | Shoals:4 | Identified the +8 flail of Fate {flame, rF+ Str+4 Int-2}
                  | (You found it on level 4 of the Shoals)
 46758 | Shoals:4 | Got an ebony morningstar
 46759 | Shoals:4 | Identified the +8 morningstar of the Endless Expanse {pain,
                  | rElec rPois Str+5 Dex-2} (You found it on level 4 of the
                  | Shoals)
 47182 | Shoals:4 | Noticed Donald
 47206 | Shoals:4 | Killed Donald
 47491 | Shoals:4 | Reached XP level 18. HP: 147/163 MP: 18/18
 47590 | Shoals:4 | Got a barnacled rune of Zot
 48182 | Spider:1 | Entered Level 1 of the Spider Nest
 48955 | Spider:1 | Reached skill level 17 in Fighting
 49106 | Spider:1 | Noticed Roxanne
 49290 | Spider:1 | Reached skill level 5 in Maces & Flails
 52053 | Spider:2 | Acquired a +4 ring of slaying
 52598 | Spider:3 | Identified the +0 scale mail of Unili {+Inv} (You found it
                  | on level 3 of the Spider Nest)
 53315 | Spider:4 | Entered Level 4 of the Spider Nest
 54636 | Spider:4 | Got a pitted tin ring
 54780 | Spider:4 | Identified the ring of Hospitality {+Inv Dex+4 Stlth-} (You
                  | found it on level 4 of the Spider Nest)
 55111 | Spider:4 | Reached XP level 19. HP: 178/178 MP: 19/19
 56949 | Spider:4 | Got a gossamer rune of Zot
 57251 | Vaults:1 | Entered Level 1 of the Vaults
 57422 | Vaults:1 | Reached skill level 15 in Axes
 57431 | Vaults:1 | Reached skill level 18 in Fighting
 58991 | Vaults:1 | Found Luacral's General Store.
 60392 | Vaults:2 | Identified the +6 arbalest of Wuskil {penet, rPois Int+3}
                  | (You found it on level 2 of the Vaults)
 60398 | Vaults:2 | Identified the +6 triple crossbow of Arriy {venom, SInv}
                  | (You found it on level 2 of the Vaults)
 60853 | Vaults:2 | Noticed Sojobo
 60854 | Vaults:2 | Noticed Xtahua
 62402 | Vaults:2 | Noticed foobar1000's ghost (veteran SpHu)
 62430 | Vaults:2 | Found a runed translucent gate.
 62430 | Vaults:2 | Found a runed translucent gate.
 62430 | Vaults:2 | Found a runed translucent gate.
 62441 | Vaults:2 | Killed Xtahua
 62969 | Vaults:2 | Paralysed by a floating eye for 4 turns
 63192 | Vaults:2 | Reached XP level 20. HP: 180/182 MP: 20/20
 63386 | Vaults:2 | Killed Sojobo
 64279 | Vaults:2 | Found an ancient bone altar of Kikubaaqudgha.
 64543 | Vaults:2 | Found a staircase to the Crypt.
 65279 | Vaults:2 | Reached skill level 5 in Throwing
 65677 | Vaults:2 | Noticed a golden dragon
 65686 | Vaults:2 | a golden dragon changed into an iron dragon
 65922 | Vaults:2 | Paralysed by a hornet for 3 turns
 66160 | Vaults:2 | Noticed an iron giant
 67601 | Vaults:1 | Glimpsed the power of Zot.
 67717 | Vaults:3 | Found Ujote's Gadget Shoppe.
 68331 | Vaults:3 | Found Ruwy's Assorted Antiques.
 69039 | Vaults:3 | Got a glimmering falchion
 69039 | Vaults:3 | Identified the +3 falchion of Yredelemnul's Scorn {freeze,
                  | Will+ SInv Stlth+} (You found it on level 3 of the Vaults)
 70211 | Vaults:3 | Reached skill level 15 in Shields
 71189 | Vaults:4 | Reached XP level 21. HP: 190/196 MP: 21/21
 71332 | Vaults:4 | Reached skill level 19 in Fighting
 72371 | Vaults:4 | Got a faintly glowing turquoise ring
 72374 | Vaults:4 | Identified the ring "Tecaon" {Int+4 Stlth+} (You found it
                  | on level 4 of the Vaults)
 74106 | Vaults:4 | Reached skill level 10 in Crossbows
 75183 | Vaults:4 | Found Ziol's Magic Scroll Boutique.
 76418 | Depths:1 | Entered Level 1 of the Depths
 76555 | Depths:1 | Found a gateway to Hell.
 76709 | Depths:1 | Found a transporter.
 76751 | Depths:1 | Found a transporter.
 76791 | Depths:1 | Noticed a golden dragon
 76791 | Depths:1 | Noticed bigdumb's ghost (journeyman DgGl)
 76791 | Depths:1 | Noticed a caustic shrike
 76792 | Depths:1 | Noticed a golden dragon
 77359 | Depths:1 | Reached skill level 15 in Long Blades
 77368 | Depths:1 | Reached XP level 22. HP: 188/203 MP: 22/22
 78289 | Depths:1 | Reached skill level 20 in Fighting
 78765 | Depths:1 | Found Ycsufifu's Jewellery Boutique.
 79607 | Depths:2 | Identified the +1 robe of Misos {+Inv rF+ MP+9 Dex-3}
 80566 | Depths:2 | Identified the ring "Lidyor" {Wiz Dex+4}
 80945 | Depths:2 | Noticed a juggernaut
 80945 | Depths:2 | Noticed a caustic shrike
 80976 | Depths:1 | Killed a caustic shrike
 81289 | Depths:2 | Found a gateway to a ziggurat.
 81802 | Depths:2 | Noticed Rogirigh's ghost (journeyman MiBe)
 81803 | Depths:2 | Found a runed translucent door.
 81849 | Depths:2 | Noticed a caustic shrike
 81850 | Depths:2 | Noticed a golden dragon
 82117 | Depths:2 | Reached XP level 23. HP: 190/217 MP: 23/23
 82676 | Depths:3 | Found Nechal's Magic Scroll Boutique.
 82861 | Depths:3 | Bought a scroll of enchant armour for 97 gold pieces
 82861 | Depths:3 | Bought a scroll of blinking for 97 gold pieces
 82861 | Depths:3 | Bought a scroll of teleportation for 39 gold pieces
 83283 | Depths:3 | Found Qihustri's Antique Armour Emporium.
 83595 | Depths:3 | Found Amustrur's Assorted Antiques.
 83891 | Depths:3 | Found Pank's Jewellery Boutique.
 84068 | Depths:3 | Found a one-way gate leading to the halls of Pandemonium.
 84753 | Depths:3 | Noticed a golden dragon
 84767 | Depths:3 | Killed a golden dragon
 84947 | Depths:3 | Found a one-way gate to the infinite horrors of the Abyss.
 85534 | Depths:3 | Reached skill level 21 in Fighting
 87226 | Depths:4 | Found Vyic's Distillery.
 87494 | Depths:4 | You fall into a shaft and drop 1 floor!
 87494 | Depths:5 | Entered Level 5 of the Depths
 87812 | Depths:4 | Noticed a caustic shrike
 87826 | Depths:4 | Killed a caustic shrike
 87827 | Depths:4 | Reached skill level 10 in Throwing
 88075 | Depths:4 | Noticed a golden dragon
 88087 | Depths:4 | Killed a golden dragon
 88642 | Depths:4 | Reached XP level 24. HP: 198/219 MP: 23/23
 90106 | Depths:4 | Lost mutation: Your muscles are strong. (Str +2) [potion of
                  | mutation]
 90106 | Depths:4 | Lost mutation: You expend magic power (3 MP) to strengthen
                  | your wands. [potion of mutation]
 90106 | Depths:4 | Gained mutation: You expend magic power (3 MP) to
                  | strengthen your wands. [potion of mutation]
 90106 | Depths:4 | Lost mutation: You expend magic power (3 MP) to strengthen
                  | your wands. [potion of mutation]
 90106 | Depths:4 | Gained mutation: You are strong-willed. (Will+) [potion of
                  | mutation]
 90106 | Depths:4 | Gained mutation: You are somewhat resistant to further
                  | mutation. [potion of mutation]
 90251 | Depths:4 | Bought a potion of mutation for 104 gold pieces
 90251 | Depths:4 | Lost mutation: You are strong-willed. (Will+) [potion of
                  | mutation]
 90251 | Depths:4 | Lost mutation: You are somewhat resistant to further
                  | mutation. [potion of mutation]
 90251 | Depths:4 | Gained mutation: Your mind is acute. (Int +2) [potion of
                  | mutation]
 90251 | Depths:4 | Gained mutation: You tend to lose your temper in combat.
                  | [potion of mutation]
 90251 | Depths:4 | Gained mutation: You are agile. (Dex +2) [potion of
                  | mutation]
 90828 | Depths:5 | Identified the Incunabulum of Ashen Ice
 93879 | Depths:5 | Found a gate to the Realm of Zot.
 94587 | Vaults:5 | Entered Level 5 of the Vaults
 95979 | Vaults:4 | Reached XP level 25. HP: 210/221 MP: 23/23
 96944 | Vaults:5 | Identified the ring "Testytt" {Wiz rF+ rC+ Dex+4}
 97564 | Vaults:4 | Reached skill level 15 in Armour
 99165 | Vaults:5 | Identified the cursed +3 hand axe of Poavegg {holy, Str+4
                  | Int+4}
 99545 | Vaults:5 | Identified the +5 spear of Odamuqydu {holy, +Inv rF+ Will+}
101186 | Vaults:5 | Got a silver rune of Zot
101538 | Vaults:5 | Got a twisted rapier
101538 | Vaults:5 | Identified the +2 rapier of the Heart {chaos, rN+ Dex+4}
                  | (You found it on level 5 of the Vaults)
101636 | Vaults:5 | Found Zutytonur's Antique Weapon Shoppe.
102025 | Zot:1    | Entered Level 1 of the Realm of Zot
102474 | Zot:1    | Reached skill level 10 in Maces & Flails
102615 | Zot:1    | Reached skill level 22 in Fighting
102694 | Zot:1    | Reached XP level 26. HP: 234/246 MP: 23/23
102776 | Zot:1    | Lost mutation: Your mind is acute. (Int +2) [potion of
                  | mutation]
102776 | Zot:1    | Lost mutation: You tend to lose your temper in combat.
                  | [potion of mutation]
102776 | Zot:1    | Lost mutation: You are agile. (Dex +2) [potion of mutation]
102776 | Zot:1    | Gained mutation: Your body sometimes deteriorates upon
                  | taking damage. [potion of mutation]
102776 | Zot:1    | Gained mutation: Armour fits poorly on your strangely
                  | shaped body. [potion of mutation]
102776 | Zot:1    | Gained mutation: Your mind is acute. (Int +2) [potion of
                  | mutation]
103279 | Zot:1    | Found a transporter.
104017 | Zot:1    | Found the +0 mask of the Dragon {Will+ Slay+3 SInv}
108950 | Zot:3    | You fall into a shaft and drop 1 floor!
110049 | Zot:3    | Lost mutation: Your mind is acute. (Int +2) [potion of
                  | mutation]
110049 | Zot:3    | Lost mutation: Your body sometimes deteriorates upon taking
                  | damage. [potion of mutation]
110049 | Zot:3    | Gained mutation: You are weak. (Str -2) [potion of
                  | mutation]
110049 | Zot:3    | Gained mutation: You are covered in fur. (AC +1) [potion of
                  | mutation]
110049 | Zot:3    | Gained mutation: Your flesh is heat resistant. (rF+)
                  | [potion of mutation]
110451 | Zot:3    | Found a runed translucent gate.
110451 | Zot:3    | Found a runed translucent gate.
110453 | Zot:3    | Found a runed translucent gate.
110467 | Zot:3    | Noticed Cyqimiab's ghost (legendary MfGl)
111112 | Zot:4    | Reached XP level 27. HP: 220/249 MP: 23/23
114081 | Zot:5    | Entered Level 5 of the Realm of Zot
114081 | Zot:5    | Found a huge runed gate.
114081 | Zot:5    | Found a huge runed gate.
114081 | Zot:5    | Found a huge runed gate.
114081 | Zot:5    | Found a huge runed gate.
114081 | Zot:5    | Found a huge runed gate.
116032 | Zot:5    | Noticed an ancient lich
116055 | Zot:5    | Killed an ancient lich
116056 | Zot:5    | Reached skill level 23 in Fighting
116345 | Zot:5    | Noticed an orb of fire
116370 | Zot:5    | Gained mutation: Your magical capacity is low. (-10% MP)
                  | [an orb of fire]
116390 | Zot:5    | Gained mutation: You are frail. (-10% HP) [an orb of fire]
116397 | Zot:5    | Gained mutation: You are clumsy. (Dex -2) [an orb of fire]
116416 | Zot:5    | Killed an orb of fire
116912 | Zot:5    | Noticed an ancient lich
116952 | Zot:5    | HP: 8/227 [ancient lich/crystal spear (63)]
117683 | Zot:5    | Killed an ancient lich
117907 | Zot:5    | Noticed an ancient lich
117918 | Zot:5    | Killed an ancient lich
118178 | Zot:5    | Noticed an orb of fire
118199 | Zot:5    | Gained mutation: Your magical capacity is very low. (-20%
                  | MP) [an orb of fire]
118204 | Zot:5    | Gained mutation: You are very frail. (-20% HP) [an orb of
                  | fire]
118814 | Zot:5    | Gained mutation: You tend to lose your temper in combat.
                  | [an orb of fire]
118827 | Zot:5    | Gained mutation: You are very weak. (Str -4) [an orb of
                  | fire]
118833 | Zot:5    | Gained mutation: You are dopey. (Int -2) [an orb of fire]
118844 | Zot:5    | Gained mutation: Your skin changes colour to match your
                  | surroundings (Stealth+). [an orb of fire]
118854 | Zot:5    | Killed an orb of fire
120529 | Zot:5    | Found a huge runed gate.
120529 | Zot:5    | Found a huge runed gate.
120563 | Zot:5    | Found a huge runed gate.
120568 | Zot:5    | Found a huge runed gate.
120568 | Zot:5    | Found a huge runed gate.
120572 | Zot:5    | Found a huge runed gate.
120579 | Zot:5    | Found a huge runed gate.
120580 | Zot:5    | Found a huge runed gate.
120591 | Zot:5    | Noticed an ancient lich
120591 | Zot:5    | Noticed an orb of fire
120622 | Zot:5    | Killed an ancient lich
120629 | Zot:5    | HP: 5/202 [electric golem/bolt of lightning (10)]
120630 | Zot:5    | Killed from afar by an orb of fire

Illustrated notes

Levels and vault maps discovered:
D:1:      evilmike_arrival_home_sweet_home, layout_basic, kennysheep_flooded_box
D:2:      layout_loops_ring, lemuel_doored_altar, okawaru_metal_pillars_1_2,
          uniq_terence
D:3:      layout_basic, grunt_ministairs_1, kennysheep_generic_room_9
D:4:      layout_basic, serial_shops, shop, uniq_blork_the_orc, uniq_natasha,
          uniq_ijyb
D:5:      layout_loops_corners, minmay_temple_entry_overgrown,
          nicolae_ru_awakened_eye
D:6:      layout_basic, kennysheep_generic_room_16, uniq_crazy_yiuf_cottage,
          uniq_eustachio, uniq_menkaure, uniq_grinder
D:7:      layout_basic, vehumet_altar_wand_db, uniq_joseph, uniq_pikel
D:8:      layout_basic, grunt_lair_entry_orc_guard_hut, serial_shops, shop
D:9:      layout_irregular_city, enter_bailey_7, serial_shops, shop_coins
D:10:     layout_rooms, serial_ice, serial_ice_o, serial_ice_f, serial_ice_j,
          serial_ice_m, lemuel_old_faithful, uniq_nergalle, uniq_snorg
D:11:     layout_small_grid, orc_0_dummy, basic_altar, nrook_pool_corridor
D:12:     gammafunk_sealed_library, layout_long_grid, fountainhead
D:13:     layout_cross, david_vaults_3, gauntlet_entry_generic, serial_shops,
          nicolae_shop_overgrown_old_shop, uniq_azrael
D:14:     layout_basic, solitary_fountain, drop_trap, minivault_16
D:15:     hangedman_depths_entry_try_elsewhere_first, layout_stronghold,
          grunt_decor_clamped, xom_teletrap_fun, uniq_jorgrun
Lair:1:   beast_lair_carwin_large_4, layout_misc_corridors, serial_bayou_pond_d
Lair:2:   layout_gridlike, spider_nest_entry_web_field,
          infiniplex_staircase_pool
Lair:3:   layout_gridlike, minmay_shoals_entry_hut, basic_altar,
          grunt_forest_stairs_basic
Lair:4:   layout_layer_cave
Lair:5:   layout_big_grid, serial_bayou_shore_b, uniq_urug
Lair:6:   minmay_lair_end_enchanted_forest, layout_cellular_growth,
          minmay_slime_entry_oklob_enclosed, infiniplex_staircase_pool_2
Shoals:1: layout_shoals
Shoals:2: layout_shoals, nicolae_shoals_loop_pool
Shoals:3: layout_shoals, uniq_polyphemus, uniq_bai_suzhen, uniq_nikola
Shoals:4: shoals_end_hangedman, layout_shoals, uniq_donald
Spider:1: layout_spider_delve, einodemon_crawler_minivault, uniq_roxanne
Spider:2: layout_chambers
Spider:3: layout_spider_delve, nicolae_looking_at_the_future
Spider:4: spider_rune_water
Orc:1:    layout_caves
Orc:2:    st_orc_ogre_mass, layout_caves
Vaults:1: vaults_dpeg_diagonal, v_pattern_3, nicolae_vaults_little_squares_4,
          v_misc_12, nicolae_vaults_asterisk, layout_vaults_quadrants,
          serial_shops, shop
Vaults:2: gammafunk_vaults_ghost_split, v_misc_13, grunt_vaults_trifunnel,
          hangedman_vaults_stagger, minmay_crypt_entry_vampire_xt, v_misc_32,
          v_misc_14, nicolae_vaults_yaktaur_gun_rack, hangedman_vaults_nails,
          hangedman_vaults_hard_town_square, ontoclasm_vaults_eye,
          nicolae_vaults_shelves_hall, layout_vaults_maze_snakey, basic_altar,
          uniq_xtahua, uniq_sojobo
Vaults:3: hangedman_vaults_stretched_pinwheel, ontoclasm_vaults_pinch,
          nicolae_vaults_angled_halls, ontoclasm_vaults_claustrophobia,
          ontoclasm_vaults_ligature, hangedman_vaults_restitches,
          nicolae_vaults_specimen_jars, vaults_room_fours,
          vaults_standard_mumra_enter_the_diamond,
          nicolae_vaults_three_branches, vaults_room_corners,
          layout_vaults_ring, serial_shops, nicolae_shop_trees,
          nicolae_shop_overgrown_old_shop
Vaults:4: vaults_dpeg_doors, nicolae_vaults_fighting_squares, v_rooms_5,
          nicolae_vaults_asterisk, v_misc_26,
          vaults_room_grunt_arrival_checkpoint, v_rooms_1, v_pattern_4,
          vaults_room_hallway, nicolae_vaults_asterisk, vaults_mumra_hex,
          hangedman_vaults_impose, layout_vaults_omnibox, serial_shops,
          nicolae_shop_trees
Vaults:5
Depths:1: layout_honeycomb, gammafunk_ghost_berserking_beasts,
          dk_noncrumbling_4, hell_entry, st_stairs_7, minmay_crystal_room,
          minmay_shop_enchanted_jewellery, minmay_librarian,
          serial_bayou_shore_a
Depths:2: evilmike_inaccessible_box, layout_gridlike, enter_ziggurat_b,
          grunt_mini_vestibule, gammafunk_ghost_grave
Depths:3: hangedman_stitches_corridor, layout_basic, serial_shops, shop, shop,
          kennysheep_mini_moat, shop_statue, abyss_entry,
          rand_demon_pan_entry_9, minmay_staircase_bubble, hell_entry
Depths:4: minmay_stepped, layout_gridlike, serial_curves, eino_curves_02,
          eino_curves_03, hell_entry, abyss_entry, kennysheep_generic_room_2,
          minmay_shop_star, infiniplex_staircase_zigzag_4
Depths:5: grunt_x_marks_the_spot, layout_basic, pf_coc_iceberg,
          abyss_entry_small_statue_room, serial_bayou_shore_b
Zot:1:    layout_gridlike, chequers_guarded_unrand_mask_of_the_dragon
Zot:2:    layout_gridville
Zot:3:    layout_onion, gammafunk_ghost_tricky_traps, grunt_megastairs_2
Zot:4:    layout_cellular_growth
Zot:5:    layout_gridlike, door_vault

Skill      XL: |  1  2  3  4  5  6  7  8  9 10 11 12 13 14 15 16 17 18 19 20 21 22 23 24 25 26 27 |
---------------+----------------------------------------------------------------------------------+-----
Fighting       | 4 5 6 7 8 10 11 11 12 14 15 16 17 18 19 20 21 22 23 | 23.2
Axes           | 3 4 5 6 8 10 11 11 12 14 16 17 18 19 20 | 20.3
Armour         | 4 5 6 7 8 9 10 11 12 13 14 15 16 17 | 17.6
Shields        | 4 5 6 7 8 8 9 11 12 14 15 16 17 18 | 18.5
Dodging        | 1 2 3 0 |  0.0
Slings         | 1 2 |  2.3
Throwing       | 1 2 3 4 5 6 10 12 13 14 | 14.9
Stealth        | 1 0 |  0.0
Polearms       | 4 7 7 8 9 10 | 10.6
Crossbows      | 2 3 4 5 6 7 8 9 10 11 12 13 | 13.8
Maces & Flails | 2 3 7 8 9 10 11 | 11.4
Short Blades   | 1 |  1.8
Long Blades    | 9 10 13 15 16 | 16.6
Spellcasting   | |  0.1

Action                   |  1- 3 |  4- 6 |  7- 9 | 10-12 | 13-15 | 16-18 | 19-21 | 22-24 | 25-27 || total
-------------------------+-------+-------+-------+-------+-------+-------+-------+-------+-------++-------
Melee: War axe           |    84 |   323 |   321 |   138 |       |   148 |       |       |       ||  1014
       Spear             |       |       |    22 |   632 |   960 |   165 |    17 |    14 |    28 ||  1838
       Rapier            |       |       |       |    21 |    31 |     9 |       |       |       ||    61
       Battleaxe         |       |       |       |       |   272 |   132 |   231 |   293 |   207 ||  1135
       Dire flail        |       |       |       |       |    34 |       |     4 |    21 |       ||    59
       Dagger            |       |       |       |       |    26 |       |       |       |       ||    26
       Long sword        |       |       |       |       |    18 |       |       |       |       ||    18
       Demon blade       |       |       |       |       |       |   881 |   766 |   687 |   503 ||  2837
       Morningstar       |       |       |       |       |       |   738 |   140 |    51 |   268 ||  1197
       Flail             |       |       |       |       |       |    56 |       |    89 |    28 ||   173
       Demon trident     |       |       |       |       |       |    10 |       |     9 |       ||    19
       Broad axe         |       |       |       |       |       |    43 |    66 |   170 |   313 ||   592
       Halberd           |       |       |       |       |       |       |    19 |    13 |    16 ||    48
       Demon whip        |       |       |       |       |       |       |       |    32 |     4 ||    36
       Falchion          |       |       |       |       |       |       |       |     2 |       ||     2
       Great sword       |       |       |       |       |       |       |       |     2 |       ||     2
       Hand axe          |       |       |       |       |       |       |       |       |    14 ||    14
       Club              |       |       |       |       |       |       |       |       |     9 ||     9
 Fire: Hunting sling     |       |    15 |    14 |     5 |       |       |       |       |       ||    34
       Hand crossbow     |       |       |       |    98 |   203 |   249 |   271 |   158 |    75 ||  1054
       Arbalest          |       |       |       |       |     8 |     7 |    32 |    74 |     4 ||   125
       Triple crossbow   |       |       |       |       |       |       |   161 |    60 |    72 ||   293
Throw: Dart              |       |     8 |    38 |    40 |    24 |    23 |    50 |     4 |    45 ||   232
       Boomerang         |       |       |       |       |       |    77 |    14 |   141 |   345 ||   577
       Javelin           |       |       |       |       |       |       |    27 |    22 |    49 ||    98
Invok: Sacrifice Artific |       |       |     1 |       |       |       |       |       |       ||     1
       Sacrifice Love    |       |       |       |     1 |       |       |       |       |       ||     1
       Draw Out Power    |       |       |       |     1 |     2 |    12 |     7 |    11 |    19 ||    52
       Sacrifice Stealth |       |       |       |     1 |       |       |       |       |       ||     1
       Power Leap        |       |       |       |     1 |     7 |     8 |     9 |     9 |     4 ||    38
       Sacrifice Nimblen |       |       |       |     1 |       |       |       |       |       ||     1
       Sacrifice Skill   |       |       |       |     1 |       |       |       |       |       ||     1
       Apocalypse        |       |       |       |       |     1 |     1 |     2 |     3 |     1 ||     8
  Use: Scroll            |     3 |     6 |     9 |     7 |     8 |    25 |     6 |    10 |    15 ||    89
       Potion            |       |     7 |     8 |     6 |     6 |    18 |     2 |     8 |     8 ||    63
 Stab: Invisible         |       |       |     5 |       |     7 |    24 |     7 |    16 |    18 ||    77
       Distracted        |       |       |     1 |     4 |     7 |    12 |     4 |     8 |     9 ||    45
       Paralysed         |       |       |       |     3 |    14 |    18 |    14 |     5 |     7 ||    61
       Petrified         |       |       |       |       |       |     2 |       |       |       ||     2
       Petrifying        |       |       |       |       |       |     1 |       |     2 |       ||     3
       Confused          |       |       |       |       |       |       |       |     1 |     1 ||     2
Armor: Scale mail        |    31 |   121 |    86 |       |       |       |       |       |       ||   238
       Ring mail         |       |       |    41 |   128 |     4 |       |       |       |       ||   173
       Troll leather arm |       |       |       |    92 |     3 |       |       |       |       ||    95
       Skin              |       |       |       |     4 |       |       |       |       |       ||     4
       Chain mail        |       |       |       |       |   300 |       |       |       |       ||   300
       Plate armour      |       |       |       |       |   116 |  1118 |   589 |   666 |   838 ||  3327
Dodge: Dodged            |    21 |   103 |   122 |   245 |   317 |   644 |   250 |   213 |   238 ||  2153
Block: Kite shield       |    41 |   183 |   191 |   380 |    22 |       |       |   234 |   690 ||  1741
       Tower shield      |       |       |       |       |   534 |  2576 |   734 |   357 |       ||  4201
       Reflection        |       |       |       |       |       |     8 |    48 |    60 |    28 ||   144
       Other             |       |       |       |       |       |     4 |    96 |   112 |    53 ||   265
       Rpst.: Demon blade |       |       |       |       |       |    29 |    19 |    17 |    11 ||    76
